 Dungeon Crawl Stone Soup version 0.30-a0-964-gd452b5e7fa (webtiles) character file.

Game seed: 8469119974364985315

7 vishdafish the Conjurer (level 1, 0/13 HPs)
             Began as a Demonspawn Conjurer on Mar 30, 2023.
             Slain by a quokka (5 damage)
             ... on level 1 of the Dungeon.
             The game lasted 00:00:30 (302 turns).

vishdafish the Conjurer (Demonspawn Conjurer)        Turns: 302, Time: 00:00:31

Health: 0/13       AC:  2    Str:  7    XL:     1   Next: 83%
Magic:  0/3        EV: 12    Int: 19    God:
Gold:   13         SH:  0    Dex: 11    Spells: 3/4 levels left

rFire   . . .      SeeInvis .    (no weapon)
rCold   . . .      Faith    .    (no shield)
rNeg    . . .      Spirit   .    a - +0 robe
rPois   .          Reflect  .    (no helmet)
rElec   .          Rampage  .    (no cloak)
rCorr   .                        (no gloves)
Will    .....                    (no boots)
Stlth   ++                       (no amulet)
HPRegen 0.22/turn                (no ring)
MPRegen 0.08/turn                (no ring)

@: no status effects
A: no striking features
a: no special abilities


You were on level 1 of the Dungeon.
You visited 1 branch of the dungeon, and saw 1 of its levels.

You collected 13 gold pieces.

Inventory:

Armour
 a - a +0 robe (worn)
Scrolls
 c - 2 scrolls of amnesia {unknown}
 e - a scroll of brand weapon {unknown}
 f - a scroll of enchant weapon {unknown}
Potions
 b - a potion of magic
 d - a potion of mutation {unknown}


   Skills:
 - Level 1.7 Dodging
 - Level 1.7 Stealth
 + Level 2.2 Spellcasting
 + Level 4.2 Conjurations


You had 3 spell levels left.
You knew the following spells:

 Your Spells              Type           Power      Damage    Failure   Level
a - Magic Dart            Conj           72%        1d6       3%          1

Your spell library contained the following spells:

 Spells                   Type           Power      Damage    Failure   Level
 Searing Ray              Conj           36%        2d5       4%          2
 Dazzling Flash           Conj/Hex       20%        N/A       21%         3
 Fulminant Prism          Conj/Hex       5%         3d7       56%         4
 Iskenderun's Mystic Bla  Conj/Tloc      10%        2d4       56%         4


Dungeon Overview and Level Annotations

Branches:
Dungeon (1/15)

Altars:

Shops:
D:1 (


Message History

You closely miss the quokka.
The quokka is heavily wounded.
The quokka bites you.
You barely miss the quokka.
The quokka is heavily wounded.
The quokka closely misses you.
You barely miss the quokka.
The quokka is heavily wounded.
The quokka barely misses you.
You closely miss the quokka.
The quokka is heavily wounded.
The quokka misses you.
You closely miss the quokka.
The quokka is heavily wounded.
The quokka misses you. The quokka bites you.
You barely miss the quokka.
The quokka is moderately wounded.
The quokka barely misses you.
You barely miss the quokka.
The quokka is moderately wounded.
The quokka bites you.
You closely miss the quokka.
The quokka is moderately wounded.
The quokka closely misses you.
Aiming: Magic Dart (safe; 3% risk of failure)
Press: ? - help, Q - select action Shift-Dir - straight line, f/p - quokka
Aim: a quokka (moderately wounded, 100% to hit)
The magic dart hits the quokka.
The quokka is heavily wounded.
The quokka closely misses you.
You barely miss the quokka.
The quokka is heavily wounded.
The quokka bites you. x2
You barely miss the quokka.
The quokka is heavily wounded.
The quokka closely misses you.
You miss the quokka.
The quokka is heavily wounded.
The quokka bites you.
You die...

.# #...∩.♣.~## # #.#
#.......~§# # #.#
##.......~§~ #.#
##......∩..§§ # #.#
#.........§§§ #####.#
#.........§§§
....#.######........∩..§
###......##.....r......§§§§§#
....#.##.##.....@.....§§§§§§#
###......##..........∩..~§§§#
####..#####.⌠.........§§§~~≈#
.......####............§§§~≈#
....#...##..........♣...§~~≈#
.....#...#...............~~≈#
......#..'............<..~~≈#
......#..'..............§§~≈#
......#..#..........♣....§~≈#


You could see a quokka.

Vanquished Creatures
  A ball python (D:1)
  2 bats (D:1)
  An endoplasm (D:1)
  A frilled lizard (D:1)
  A goblin (D:1)
  A rat (D:1)
7 creatures vanquished.

Notes
Turn   | Place    | Note
-------+----------+-------------------------------------------
     0 | D:1      | vishdafish the Demonspawn Conjurer began the quest for the
                  | Orb.
     0 | D:1      | Reached XP level 1. HP: 13/13 MP: 3/3
   143 | D:1      | Found Seqoask's Weapon Emporium.
   302 | D:1      | Slain by a quokka

Illustrated notes

Levels and vault maps discovered:
D:1:      tekkud_arrival_beachfront_property, layout_rooms, serial_shops,
          shop_fountains

Action                     || total
---------------------------++-------
  Melee: Unarmed           ||    13
   Cast: Magic Dart        ||    13
 Armour: Robe              ||     1
  Dodge: Dodged            ||    13

Table legend: (Time is in decaauts)
 A = Elapsed time spent in this place.
 B = Non-inter-level travel time spent in this place.
 C = Inter-level travel time spent in this place.
 D = Time resting spent in this place.
 E = Time spent auto-exploring this place.
 F = Levels seen in this place.
 G = Mean time per level.
                   A        B        C        D        E       F      G
               +--------+--------+--------+--------+--------+-----+--------+
         Total |    302 |    302 |      0 |      0 |    239 |   1 |  302.0 |
       Dungeon |    302 |    302 |      0 |      0 |    239 |   1 |  302.0 |
               +--------+--------+--------+--------+--------+-----+--------+

Top non-repeatable levels by time:
     D:1: 302 daAuts
